 Dungeon Crawl Stone Soup version 0.21.1 (webtiles) character file.

2074 Jerry the Carver (level 9, -5/77 (78) HPs)
             Began as a Demonspawn Chaos Knight on Feb 2, 2018.
             Slain by a hippogriff (13 damage)
             ... on level 7 of the Dungeon.
             The game lasted 00:22:14 (6549 turns).

Jerry the Carver (Demonspawn Chaos Knight)          Turns: 6549, Time: 00:22:15

HP:   -5/77 (78)    AC: 12    Str: 15 (16) XL:     9   Next: 6%
MP:   9/9           EV: 11    Int: 14      God:    Xom [...*..]
Gold: 274           SH:  0    Dex: 10      Spells: 8/8 levels left

rFire    . . .     SeeInvis +   a - +0 falchion (chaos)
rCold    . . .     Gourm    .   (no shield)
rNeg     . . .     Faith    .   b - +2 leather armour
rPois    +         Spirit   .   (no helmet)
rElec    +         Reflect  .   w - +0 cloak
rCorr    .         Harm     .   D - +1 pair of gloves
MR       .....                  (boots unavailable)
Stlth    +.........             (no amulet)
HPRegen  0.22/turn              y - ring of see invisible
MPRegen  0.11/turn              u - ring of poison resistance

@: no status effects
A: talons 3, icy blue scales 2, clumsy 1, deterioration 1, robust 1, electricity
resistance
a: Renounce Religion


You were on level 7 of the Dungeon.
You worshipped Xom.
You were a favourite toy of Xom.
You were not hungry.

You visited 1 branch of the dungeon, and saw 7 of its levels.
You also visited: Sewer.

You collected 274 gold pieces.

Inventory:

Hand Weapons
 a - a +0 falchion of chaos (weapon)
 f - a +3 short sword
 s - a +2 quarterstaff of chaos
 v - a +0 long sword
Armour
 b - a +2 leather armour (worn)
 w - a +0 cloak (worn)
 D - a +1 pair of gloves (worn)
Jewellery
 e - an uncursed ring of protection from cold
 u - a ring of poison resistance (right hand)
 y - a ring of see invisible (left hand)
Wands
 h - a wand of random effects (40)
 p - a wand of enslavement (5)
 r - a wand of disintegration (16)
 F - a wand of paralysis (6)
Scrolls
 d - a scroll of immolation {unknown}
 i - 3 scrolls of remove curse
 m - 3 scrolls of identify
 q - a scroll of amnesia
 B - 5 scrolls of teleportation
 C - 3 scrolls of fog
 E - a scroll of enchant weapon {unknown}
Potions
 g - 4 potions of flight
 j - a potion of resistance {unknown}
 k - 4 potions of curing
 l - 2 potions of agility {unknown}
 n - a potion of mutation {unknown}
 o - a potion of cancellation {unknown}
 t - a potion of degeneration {unknown}
 x - 3 potions of heal wounds {unknown}
 z - a potion of haste {unknown}
 A - a potion of might {unknown}
Comestibles
 c - 9 rations


   Skills:
 + Level 6.6 Fighting
 * Level 8.2 Long Blades
 + Level 5.6 Armour
 - Level 0.8 Dodging


You had 8 spell levels left.
You didn't know any spells.

Dungeon Overview and Level Annotations

Branches:
Dungeon (7/15)             Temple (0/1) D:6

Altars:
Ashenzari
Hepliaklqana
Kikubaaqudgha
Okawaru
Qazlal
Ru
Xom
The Shining One


Innate Abilities, Weirdness & Mutations

You have claws for feet.
You are mostly covered in icy blue scales. (AC +3)
You are clumsy. (Dex -2)
Your body sometimes deteriorates upon taking damage.
You are robust. (+10% HP)
You are resistant to electric shocks. (rElec)


Message History

The hippogriff bites you!
* * * LOW HITPOINT WARNING * * *
The hippogriff closely misses you.
The hippogriff claws you but does no damage.
You hit the hippogriff.
The hippogriff goes berserk!
Xom is highly amused!
You claw the hippogriff, but do no damage.
The hippogriff is almost dead.
The hippogriff bites you.
* * * LOW HITPOINT WARNING * * *
The hippogriff pecks you but does no damage.
The hippogriff barely misses you.
You hit the hippogriff. You freeze the hippogriff.
The hippogriff is almost dead.
The hippogriff bites you!
* * * LOW HITPOINT WARNING * * *
The hippogriff barely misses you.
The hippogriff claws you but does no damage.
The hippogriff bites you!
You die...

#.########)..##
#.##..^...<...#
#.##.#####....#
#.##.# ##.#.# #.##.#
#.#.# #.##.# ####.#.#
#.##.###....#.#
#.##....)..(#.#
#@##........#.#
......H.##.<.)....#.#
##########.)........#
##.......###
#.......# #.......#
####.#### .# .#


You could see a hippogriff (berserk).

Vanquished Creatures
  An ice beast (D:6)
  A black bear (D:6)
  A sky beast (D:5)
  A necrophage (D:6)
  5 ogres
  Blork the orc (D:6)
  3 scorpions
  A crimson imp (D:5)
  A bullfrog zombie (D:6)
  2 hounds
  Crazy Yiuf (D:4)
  2 orc priests
  2 bullfrog skeletons
  3 orc wizards
  An iguana (D:2)
  Jessica (D:2)
  9 worker ants
  A hound zombie (D:6)
  2 hound skeletons
  A howler monkey zombie (D:6)
  4 gnolls (D:4)
  9 adders
  2 river rats (D:5)
  4 shadow imps
  4 oozes (Sewer)
  An adder skeleton (D:4)
  11 worms
  2 dart slugs
  10 leopard geckos
  27 orcs
  3 ball pythons
  16 bats
  5 giant cockroaches
  11 goblins
  8 hobgoblins
  7 jackals
  A jackal (shapeshifter) (D:1)
  2 quokkas (D:2)
  A ball python skeleton (D:4)
  8 frilled lizards
  2 jackal skeletons (D:4)
  A jackal zombie (D:5)
  9 kobolds
  A leopard gecko zombie (D:5)
  7 rats
196 creatures vanquished.

Vanquished Creatures (collateral kills)
  An orc wizard (D:3)
  A hobgoblin (D:3)
  A kobold (D:3)
3 creatures vanquished.

Vanquished Creatures (others)
  An adder (D:2)
  A goblin (D:2)
  A frilled lizard (D:2)
  2 rats (D:2)
5 creatures vanquished.

Grand Total: 204 creatures vanquished

Notes
Turn   | Place    | Note
-------+----------+-------------------------------------------
     0 | D:1      | Jerry the Demonspawn Chaos Knight began the quest for the Orb.
     0 | D:1      | Reached XP level 1. HP: 18/18 MP: 1/1
   221 | D:1      | Reached skill level 3 in Long Blades
   266 | D:1      | XOM: cast spell 'Olgreb's Toxic Radiance'
   268 | D:1      | Gained mutation: You are partially covered in icy blue scales. (AC +2) [demonic ancestry]
   268 | D:1      | Reached XP level 2. HP: 21/24 MP: 2/2
   659 | D:2      | XOM: harmless Tmut miscast
   660 | D:2      | Gained mutation: You have sharp toenails. [demonic ancestry]
   660 | D:2      | Reached XP level 3. HP: 25/29 MP: 3/3
   731 | D:2      | XOM: harmless Pois miscast
   769 | D:2      | XOM: god gift: twisted iron wand {god gift}
   828 | D:2      | Gained mutation: You have razor-sharp toenails. [demonic ancestry]
   828 | D:2      | Reached XP level 4. HP: 10/36 MP: 4/4
   880 | D:2      | XOM: scenery: create altars
  1023 | D:2      | XOM: give mutations
  1023 | D:2      | Gained mutation: Your muscles are strong. (Str +2) [Xom's grace]
  1023 | D:2      | Gained mutation: You possess an exceptional clarity of mind. [Xom's grace]
  1031 | D:2      | Found a shattered altar of Ashenzari.
  1032 | D:2      | Found an ancient bone altar of Kikubaaqudgha.
  1032 | D:2      | Found a sacrificial altar of Ru.
  1033 | D:2      | Found a glowing golden altar of the Shining One.
  1033 | D:2      | Found a stormy altar of Qazlal.
  1041 | D:2      | XOM: destruction
  1051 | D:2      | XOM: snakes to sticks
  1305 | D:2      | Noticed Jessica
  1309 | D:2      | Killed Jessica
  1309 | D:2      | Reached skill level 4 in Long Blades
  1565 | D:2      | XOM: silly message
  1666 | D:3      | Reached XP level 5. HP: 38/42 MP: 5/5
  1902 | D:3      | XOM: scenery: create altars
  1912 | D:3      | XOM: enchant monster (good)
  1914 | D:3      | XOM: potion effect (curing)
  1924 | D:2      | XOM: scenery: create altars
  2277 | D:3      | XOM: give mutations
  2277 | D:3      | Lost mutation: Your muscles are strong. (Str +2) [Xom's mischief]
  2277 | D:3      | Gained mutation: You are resistant to electric shocks. (rElec) [Xom's mischief]
  2277 | D:3      | Lost mutation: You possess an exceptional clarity of mind. [Xom's mischief]
  2277 | D:3      | Gained mutation: You are clumsy. (Dex -2) [Xom's mischief]
  2460 | D:3      | XOM: give mutations
  2460 | D:3      | Gained mutation: Your body sometimes deteriorates upon taking damage. [Xom's mischief]
  2460 | D:3      | Gained mutation: You are robust. (+10% HP) [Xom's mischief]
  2738 | D:3      | Reached XP level 6. HP: 49/52 MP: 6/6
  2778 | D:3      | XOM: mild Summ miscast
  2919 | D:4      | XOM: divination: detect creatures
  2941 | D:4      | Reached skill level 5 in Long Blades
  2962 | D:4      | XOM: 2-stop teleportation journey
  3079 | D:4      | XOM: cast spell 'Cause Fear'
  3127 | D:3      | Reached XP level 7. HP: 43/60 MP: 7/7
  3432 | D:4      | Found a hazy altar of Hepliaklqana.
  3433 | D:4      | Found an iron altar of Okawaru.
  3584 | D:4      | Reached skill level 5 in Fighting
  3686 | D:4      | XOM: harmless Tloc miscast
  3846 | D:4      | Found a runed door.
  3894 | D:4      | Noticed Crazy Yiuf
  3897 | D:4      | Killed Crazy Yiuf
  3897 | D:4      | Reached skill level 6 in Long Blades
  3978 | D:5      | Entered Level 5 of the Dungeon
  4198 | D:5      | Gained mutation: You are mostly covered in icy blue scales. (AC +3) [demonic ancestry]
  4198 | D:5      | Reached XP level 8. HP: 47/69 MP: 8/8
  4349 | D:5      | Found a glowing drain.
  4357 | Sewer    | Entered a sewer
  4555 | Sewer    | XOM: harmless Tmut miscast
  5009 | D:5      | XOM: divination: detect creatures
  5043 | D:5      | Reached skill level 7 in Long Blades
  5053 | D:5      | XOM: mild Chrm miscast
  5093 | D:5      | XOM: harmless Chrm miscast
  5105 | D:5      | XOM: silly message
  5123 | D:5      | XOM: harmless Pois miscast
  5352 | D:6      | Reached skill level 5 in Armour
  5519 | D:6      | XOM: medium Hex miscast
  5598 | D:6      | XOM: divination: magic mapping
  5695 | D:6      | Reached skill level 8 in Long Blades
  5709 | D:6      | Noticed Blork the orc
  5710 | D:6      | XOM: confuse monster(s)
  5718 | D:6      | XOM: smoke on damage
  5722 | D:6      | Killed Blork the orc
  5734 | D:6      | Gained mutation: You have claws for feet. [demonic ancestry]
  5734 | D:6      | Reached XP level 9. HP: 49/77 MP: 9/9
  5839 | D:6      | XOM: harmless Fire miscast
  6018 | D:6      | Found a staircase to the Ecumenical Temple.
  6092 | D:7      | XOM: confuse monster(s)
  6549 | D:7      | Slain by a hippogriff

Skill      XL: |  1  2  3  4  5  6  7  8 |
---------------+-------------------------+-----
Long Blades    | 3 4 5 6 8 |  8.2
Armour         | 2 3 4 5 |  5.6
Fighting       | 4 5 6 |  6.6
Dodging        | |  0.8

Action                   |  1- 3 |  4- 6 |  7- 9 || total
-------------------------+-------+-------+-------++-------
Melee: Short sword       |    78 |   221 |    43 ||   342
       Falchion          |     6 |       |   185 ||   191
       Kick              |     8 |    39 |   114 ||   161
       Long sword        |       |       |   119 ||   119
  Use: Scroll            |       |     9 |     1 ||    10
       Potion            |       |       |     2 ||     2
 Stab: Sleeping          |     1 |     1 |       ||     2
       Paralysed         |       |       |     2 ||     2
  Eat: Chunk             |       |     7 |    12 ||    19
Armor: Leather armour    |    31 |   100 |   130 ||   261
Dodge: Dodged            |    58 |   130 |   193 ||   381
       Rpst.: Falchion   |     3 |       |    40 ||    43
       Long sword        |       |       |    15 ||    15
